 Dungeon Crawl Stone Soup version 0.23.2-1-ga50397a6bc (webtiles) character file.

Game seed: 7596659283612663170

24 Kobolds4U the Skirmisher (level 2, 0/36 HPs)
             Began as a Demonspawn Berserker on Apr 23, 2019.
             Was a Believer of Trog.
             Slain by an adder (3 damage)
             ... on level 2 of the Dungeon.
             The game lasted 00:01:40 (780 turns).

Kobolds4U the Skirmisher (Demonspawn Berserker)      Turns: 780, Time: 00:01:40

Health: 0/36       AC:  9    Str: 22    XL:     2   Next: 79%
Magic:  2/2        EV: 12    Int:  8    God:    Trog [**....]
Gold:   41         SH:  0    Dex: 12    Spells: 1/1 levels left

rFire    . . .     SeeInvis .   a - +0 falchion
rCold    . . .     Gourm    .   (no shield)
rNeg     . . .     Faith    .   b - +0 animal skin
rPois    .         Spirit   .   (no helmet)
rElec    .         Reflect  .   (no cloak)
rCorr    .         Harm     .   (no gloves)
MR       .....                  i - +0 pair of boots
Stlth    ..........             (no amulet)
HPRegen  0.12/turn              (no ring)
MPRegen  0.08/turn              (no ring)

@: berserking, lethally poisoned (0 -> -5), sanguine armour, very quick
A: sanguine armour 1
a: Berserk, Trog's Hand, Renounce Religion


You were on level 2 of the Dungeon.
You worshipped Trog.
Trog was pleased with you.
You were hungry.

You visited 1 branch of the dungeon, and saw 2 of its levels.

You collected 41 gold pieces.

Inventory:

Hand Weapons
 a - a +0 falchion (weapon)
 l - a +0 hunting sling
Armour
 b - a +0 animal skin (worn)
 i - a +0 pair of boots (worn)
Jewellery
 d - a cursed amulet of inaccuracy {unknown}
Scrolls
 e - a scroll of enchant armour {unknown}
 h - a scroll of teleportation {unknown}
 m - a scroll of fear {unknown}
 o - a scroll of magic mapping {unknown}
 p - a scroll of identify {unknown}
Potions
 g - a potion of invisibility {unknown}
 j - a potion of berserk rage {unknown}
 k - 2 potions of haste {unknown}
 n - 2 potions of flight {unknown}
Comestibles
 c - 2 rations


   Skills:
 + Level 3.2 Fighting
 * Level 3.2 Long Blades
 + Level 2.1 Armour
 - Level 1.7 Dodging


You had one spell level left.
You didn't know any spells.
Your spell library was empty.

Dungeon Overview and Level Annotations

Branches:
Dungeon (2/15)

Altars:

Annotations:
D:2 Robin


Innate Abilities, Weirdness & Mutations

When seriously injured, your bleeding wounds create armour. (AC +6)


Message History

The goblin wields a +1 dagger of venom.
It begins to drip with poison!
The goblin hits you with a +1 dagger of venom.
You are poisoned.
The hobgoblin hits you but does no damage.
The adder barely misses you.
You closely miss the adder.
The adder is moderately wounded.
You feel sick. The goblin hits you but does no damage. The goblin hits you.
* * * LOW HITPOINT WARNING * * *
The hobgoblin hits you.
* * * LOW HITPOINT WARNING * * *
The adder barely misses you.
A goblin comes into view.
The goblin misses you.
You miss the adder.
The adder is moderately wounded.
The goblin hits you.
* * * LOW HITPOINT WARNING * * *
The adder bites you.
You die...

.......... ..#.# ..
............ ...#.# #
..♣♣..........♣♣...#.###
#..♣..........♣..#.#....
#.................#.###
#.... ♣..........#.# #
###...♣♣♣....######.#
#.g..Sgg.##.........#
#gg@g.(..##.######
#.###(##.##.# #
...##.##.# ###.##.##+#
#.##.# ...... ..##..
.....S


You could see Robin, an adder, a hobgoblin and 4 goblins.

Vanquished Creatures
  2 leopard geckos
  2 bats (D:1)
  A giant cockroach (D:1)
  8 goblins
  2 hobgoblins (D:1)
  A frilled lizard (D:1)
  3 kobolds (D:1)
  A rat (D:1)
20 creatures vanquished.

Vanquished Creatures (others)
  A bat (D:2)
1 creature vanquished.

Grand Total: 21 creatures vanquished

Notes
Turn   | Place    | Note
-------+----------+-------------------------------------------
     0 | D:1      | Kobolds4U the Demonspawn Berserker began the quest for the
                  | Orb.
     0 | D:1      | Reached XP level 1. HP: 18/18 MP: 1/1
   277 | D:1      | Gained mutation: When seriously injured, your bleeding
                  | wounds create armour. (AC +6) [demonic ancestry]
   277 | D:1      | Reached XP level 2. HP: 24/24 MP: 2/2
   767 | D:2      | Identified the cursed +0 helmet of the Lion {rN+ MP+9}
   767 | D:2      | Noticed Robin
   775 | D:2      | Reached ** piety under Trog
   780 | D:2      | Slain by an adder

Skill      XL: |  1 |
---------------+----+-----
Long Blades    | 3 |  3.2
Armour         | 2 |  2.1
Fighting       | |  3.2
Dodging        | |  1.7

Action                   || total
-------------------------++-------
Melee: Falchion          ||    63
Invok: Berserk           ||     1
Armor: Animal skin       ||    19
Dodge: Dodged            ||    56
       Rpst.: Falchion   ||    13
